 Dungeon Crawl Stone Soup version 0.31-a0-188-g5e087ee2ca (webtiles) character file.

Game seed: 15525905803816077432

1180 qw the Skirmisher (level 8, -2/45 HPs)
             Began as a Deep Elf Hunter on June 23, 2023.
             Was an Initiate of Okawaru.
             Slain by an orc
             ... wielding a +0 mace
              (3 damage)
             ... on level 6 of the Dungeon.
             The game lasted 00:04:12 (5955 turns).

qw the Skirmisher (Deep Elf Hunter)                 Turns: 5955, Time: 00:04:12

Health: -2/45      AC: 10    Str: 10    XL:     8   Next: 19%
Magic:  10/10      EV: 12    Int: 15    God:    Okawaru [......]
Gold:   175        SH:  0    Dex: 18    Spells: 7/7 levels left

rFire   . . .        k - +6 shortbow (drain)
rCold   + . .        (shield currently unavailable)
rNeg    . . .        m - +0 ring mail
rPois   +            h - +2 hat {SInv}
rElec   .            d - +0 cloak
rCorr   .            (no gloves)
SInv    +            i - +1 pair of boots
Will    .....        (no amulet)
Stlth   +            t - ring of protection from cold
HPRegen 0.27/turn    f - ring of poison resistance
MPRegen 0.12/turn

%: no passive effects
@: about to teleport
A: no striking features
a: Renounce Religion


You were on level 6 of the Dungeon.
You worshipped Okawaru.
Okawaru was noncommittal.
You visited 2 branches of the dungeon, and saw 7 of its levels.

You collected 329 gold pieces.
You spent 154 gold pieces at shops.


   Skills:
 + Level 2.8 Fighting
 - Level 12.0 Ranged Weapons
 - Level 2.5 Armour
 - Level 3.8 Dodging
 - Level 1.2 Stealth


You had 7 spell levels left.
You didn't know any spells.
Your spell library was empty.

Inventory:

Hand Weapons
 k - a +6 shortbow of draining (weapon)
Armour
 d - a +0 cloak (worn)
 h - a +2 hat of see invisible (worn)
 i - a +1 pair of boots (worn)
 m - a +0 ring mail (worn)
 r - a +1 leather armour of cold resistance
Jewellery
 a - a ring of see invisible
 c - a ring of magical power
 f - a ring of poison resistance (right hand)
 p - a ring of positive energy
 t - a ring of protection from cold (left hand)
 Y - a +6 ring of strength
Scrolls
 n - a scroll of identify
 o - a scroll of immolation {unknown}
Potions
 e - 4 potions of curing
 g - 2 potions of might
 j - a potion of enlightenment
 l - a potion of heal wounds
 q - a potion of cancellation {unknown}
 s - a potion of mutation {unknown}

Dungeon Overview and Level Annotations

Branches:
Dungeon (6/15)             Temple (1/1) D:5

Altars:
Ashenzari
Cheibriados
Dithmenos
Elyvilon
Fedhas
Gozag
Kikubaaqudgha
Makhleb
Nemelex Xobeh
Okawaru
Qazlal
Ru
Trog
Uskayaw
Vehumet
Wu Jian
Xom
Zin
The Shining One

Shops:
D:5 [

Annotations:
D:5 3 runed translucent doors, qw's ghost, novice GrFi
D:6 Pikel


Message History

The arrow hits the lemure.
The lemure is severely wounded.
The orc barely misses you. The lemure hits you but does no damage.
Pikel, Merchant of Souls comes into view.
He is wielding a +1 whip of freezing.
You shoot an arrow.
Pikel shouts!
The arrow hits the lemure.
The lemure is almost dead.
The orc hits you but does no damage. The lemure barely misses you.
The orc priest calls down the wrath of Beogh upon you.
Beogh smites you!
You shoot an arrow. The arrow completely misses the lemure.
The orc hits you with a +0 short sword. The lemure hits you but does no damage.
You shoot an arrow. The arrow hits the lemure.
The lemure is almost dead.
The howler monkey hoots and howls with incredible vigour!
The orc hits you with a +0 mace. The orc completely misses you.
The lemure barely misses you.
You hear an angry hiss.
You hear a shout! x2; You hear an angry hiss. x2
You shoot an arrow. The arrow closely misses the lemure.
The orc hits you but does no damage. The orc closely misses you.
The lemure closely misses you.
You shoot an arrow. The arrow hits the lemure.
You kill the lemure!
That felt strangely unrewarding.
The orc hits you but does no damage. The orc closely misses you.
You shoot an arrow.
The arrow hits the sleepcap but does no damage.
You shoot an arrow. The arrow hits the sleepcap.
The sleepcap is lightly damaged.
The orc hits you with a +0 mace! The sleepcap misses you.
The orc hits you but does no damage.
The orc priest mumbles some strange prayers to Beogh against you.
Beogh smites you!
5955 ||| READING scroll of teleportation.
As you read the scroll of teleportation, it crumbles to dust.
You feel strangely unstable.
A phantom comes into view.
The orc hits you with a +0 mace.
You die...

.........##...#
.............#### ..
.....#...# #....#### ..W#
.....##..###....#..#....#
........(.#...>..........
..................##.#...
........#..##............
####.#.###.###...........
## ###.....# ##.@...#....
.# #.....# #foo..# ##.
..# ...>... #Kh#.##
.........=.. .o.###
...... ........... ##....
...... .... .....## . ...
...... #.


You could see Pikel, a phantom, a sleepcap, a howler monkey, an orc priest and 2
orcs.

Vanquished Creatures
  Grinder (D:5)
  Sigmund (D:5)
  Duvessa (D:5)
  2 ice beasts
  A phantom (D:5)
  4 lemures (D:6)
  A scorpion (D:6)
  Dowan (D:5)
  A howler monkey (D:4)
  2 jellies (D:5)
  3 iguanas
  7 adders
  A white imp (D:5)
  3 ufetubi
  3 worms
  3 dart slugs
  3 orcs
  7 endoplasms
  A giant cockroach (D:4)
  7 hobgoblins
  7 jackals (D:4)
  A quokka (D:3)
  5 ball pythons
  7 bats
  5 frilled lizards
  6 goblins
  4 kobolds
  6 rats
94 creatures vanquished.

Notes
Turn   | Place    | Note
-------+----------+-------------------------------------------
     0 | D:1      | qw the Deep Elf Hunter began the quest for the Orb.
     0 | D:1      | Reached XP level 1. HP: 12/12 MP: 3/3
     0 | D:1      | 0 ||| qw: Version: 0.3-a-9-g12657ce
     0 | D:1      | 0 ||| qw: Game counter: 3751
     0 | D:1      | 0 ||| qw: Always use a shield: true
     0 | D:1      | 0 ||| qw: God list: Okawaru
     0 | D:1      | 0 ||| qw: Allow faded altars: false
     0 | D:1      | 0 ||| qw: Do Orc after D:15 true
     0 | D:1      | 0 ||| qw: Do second Lair branch before Depths: true
     0 | D:1      | 0 ||| qw: Lair rune preference: random
     0 | D:1      | 0 ||| qw: Plans: Normal
     0 | D:1      | 0 ||| PLANNING D:1-11
    80 | D:1      | 80 ||| FLEEEEING.
    81 | D:1      | 81 ||| FLEEEEING.
   181 | D:1      | Reached XP level 2. HP: 16/16 MP: 4/4
   192 | D:1      | Reached skill level 6 in Ranged Weapons
   597 | D:1      | 597 ||| UPGRADING to +0 cloak.
   602 | D:1      | 602 ||| UPGRADING to +1 pair of boots.
   607 | D:1      | 607 ||| READING 2 scrolls labelled COFRYL ZEUS.
   608 | D:1      | 608 ||| READING scroll labelled ZOKUWAX FEUBA.
   611 | D:1      | 611 ||| READING scroll labelled MOCLEODD SIFU.
   612 | D:1      | 612 ||| READING scroll labelled YGHINKAEME.
   613 | D:1      | 613 ||| DROPPING scroll of poison.
   614 | D:1      | 614 ||| DROPPING scroll of butterflies.
   714 | D:2      | Reached XP level 3. HP: 20/20 MP: 5/5
   852 | D:2      | Reached skill level 7 in Ranged Weapons
  1052 | D:2      | 1052 ||| UPGRADING to ring of see invisible.
  1053 | D:2      | 1053 ||| UPGRADING to ring of poison resistance.
  1054 | D:2      | 1054 ||| READING scroll labelled LULOLU WUMAR.
  1055 | D:2      | 1055 ||| READING scroll labelled ATZOERIRRUI.
  1226 | D:3      | Reached XP level 4. HP: 25/25 MP: 6/6
  1905 | D:3      | 1905 ||| UPGRADING to +2 hat of see invisible.
  1910 | D:3      | 1910 ||| REMOVING ring of see invisible.
  1911 | D:3      | 1911 ||| UPGRADING to +0 ring mail.
  1921 | D:3      | 1921 ||| DROPPING +0 leather armour.
  1922 | D:3      | 1922 ||| UPGRADING to +6 ring of strength.
  1923 | D:3      | 1923 ||| READING 2 scrolls labelled JYHEQOJOTAEM.
  1924 | D:3      | 1924 ||| READING scroll of enchant weapon.
  1924 | D:3      | 1924 ||| ENCHANTING +1 shortbow of flaming.
  1963 | D:4      | Found a bloodstained altar of Trog.
  2000 | D:4      | Reached skill level 8 in Ranged Weapons
  2043 | D:4      | Reached XP level 5. HP: 29/29 MP: 7/7
  2237 | D:4      | Reached skill level 9 in Ranged Weapons
  2261 | D:4      | 2261 ||| READING scroll of enchant weapon.
  2261 | D:4      | 2261 ||| ENCHANTING +2 shortbow of flaming.
  2300 | D:4      | 2300 ||| READING scroll of brand weapon.
  2300 | D:4      | 2300 ||| BRANDING +3 shortbow of flaming.
  2469 | D:4      | 2469 ||| DROPPING +2 robe of willpower.
  2470 | D:4      | 2470 ||| READING scroll labelled WUNGOM YZOERGH.
  2471 | D:4      | 2471 ||| DRINKING 5 amethyst potions.
  2472 | D:4      | 2472 ||| READING 4 scrolls of identify.
  2472 | D:4      | 2472 ||| IDENTIFYING fuming grey potion
  2473 | D:4      | 2473 ||| READING 3 scrolls of identify.
  2473 | D:4      | 2473 ||| IDENTIFYING dark potion
  2474 | D:4      | 2474 ||| READING 2 scrolls of identify.
  2474 | D:4      | 2474 ||| IDENTIFYING lumpy cyan potion
  2475 | D:4      | 2475 ||| DROPPING potion of invisibility.
  2496 | D:5      | Entered Level 5 of the Dungeon
  2497 | D:5      | 2497 ||| PLANNING SEWER
  2562 | D:5      | Found a shimmering altar of Xom.
  2706 | D:5      | Noticed a phantom
  2717 | D:5      | Killed a phantom
  2718 | D:5      | Reached skill level 3 in Dodging
  2718 | D:5      | Reached XP level 6. HP: 23/35 MP: 8/8
  2889 | D:5      | Found Lyoriq's Armour Boutique.
  2894 | D:5      | 2894 ||| BUYING +1 leather armour of cold resistance (154
                  | gold).
  2894 | D:5      | Bought a +1 leather armour of cold resistance for 154 gold
                  | pieces
  2913 | D:5      | Noticed Sigmund
  2927 | D:5      | Killed Sigmund
  3048 | D:5      | Found a staircase to the Ecumenical Temple.
  3101 | D:5      | Noticed an ice beast
  3106 | D:5      | Killed an ice beast
  3107 | D:5      | Reached XP level 7. HP: 40/40 MP: 9/9
  3158 | D:5      | 3158 ||| RIP SEWER
  3164 | D:5      | 3164 ||| PLANNING TEMPLE
  3164 | D:5      | 3164 ||| UPGRADING to +1 leather armour of cold resistance.
  3174 | D:5      | 3174 ||| UPGRADING to ring of protection from cold.
  3176 | D:5      | 3176 ||| UPGRADING to +0 ring mail.
  3186 | D:5      | 3186 ||| DRINKING 2 blue potions.
  3187 | D:5      | 3187 ||| DRINKING 2 puce potions.
  3188 | D:5      | 3188 ||| READING 2 scrolls of identify.
  3188 | D:5      | 3188 ||| IDENTIFYING sapphire potion
  3189 | D:5      | 3189 ||| DROPPING potion of magic.
  3190 | D:5      | 3190 ||| DROPPING potion of brilliance.
  3200 | Temple   | Entered the Ecumenical Temple
  3261 | Temple   | 3261 ||| PLANNING OKAWARU WORSHIP
  3364 | Temple   | Became a worshipper of Warmaster Okawaru
  3365 | Temple   | 3365 ||| PLANNING D:1-11
  3513 | D:5      | 3513 ||| READING 3 scrolls of enchant weapon.
  3513 | D:5      | 3513 ||| ENCHANTING +3 shortbow of draining.
  3514 | D:5      | 3514 ||| READING 2 scrolls of enchant weapon.
  3514 | D:5      | 3514 ||| ENCHANTING +4 shortbow of draining.
  3515 | D:5      | 3515 ||| READING scroll of enchant weapon.
  3515 | D:5      | 3515 ||| ENCHANTING +5 shortbow of draining.
  3822 | D:5      | Found a runed translucent gate.
  3824 | D:5      | Found a runed translucent gate.
  3824 | D:5      | Found a runed translucent gate.
  3824 | D:5      | Noticed qw's ghost (novice GrFi)
  4367 | D:5      | Reached skill level 10 in Ranged Weapons
  5693 | D:6      | Noticed Grinder
  5693 | D:6      | Noticed Duvessa
  5693 | D:6      | Noticed Dowan
  5697 | D:6      | 5697 ||| STAIRDANCE
  5702 | D:5      | Killed Duvessa
  5715 | D:5      | Killed Grinder
  5716 | D:5      | Reached skill level 11 in Ranged Weapons
  5718 | D:5      | Killed Dowan
  5719 | D:5      | Reached XP level 8. HP: 22/44 MP: 10/10
  5931 | D:6      | Reached skill level 12 in Ranged Weapons
  5947 | D:6      | Noticed Pikel
  5954 | D:6      | HP: 1/45 [orc priest/divine providence (11)]
  5955 | D:6      | 5955 ||| READING scroll of teleportation.
  5955 | D:6      | Slain by an orc

Levels and vault maps discovered:
D:1:      lemuel_arrival_hallway, layout_loops_ring
D:2:      layout_rooms
D:3:      layout_basic
D:4:      layout_basic, bloody_trog, minmay_unequal
D:5:      layout_loops_corners, dk_xom_monty_hall, minmay_temple_entry_tees,
          portal_sewer_entry_d, biasface_ghost_orc_armoury, serial_shops,
          kennysheep_little_box, eino_small_chamber_without_monster,
          uniq_sigmund
D:6:      layout_cave_pools, minmay_misc_feat_square, minmay_misc_feat_tower,
          minmay_misc_feat_hallway, uniq_grinder, uniq_pikel, uniq_duvessa
Temple:   minmay_crystal_spiral_temple

Skill      XL: |  1  2  3  4  5  6  7  8 |
---------------+-------------------------+-----
Ranged Weapons | 6 7 8 9 11 12 | 12.0
Fighting       | 2 |  2.8
Dodging        | 3 |  3.8
Armour         | 2 |  2.5
Stealth        | |  1.2

Action                     |  1- 3 |  4- 6 |  7- 9 || total
---------------------------+-------+-------+-------++-------
   Fire: Shortbow          |   104 |   124 |    70 ||   298
    Use: Scroll            |     6 |     8 |     5 ||    19
         Potion            |       |     1 |     2 ||     3
 Armour: Leather armour    |    13 |     5 |       ||    18
         Ring mail         |       |     9 |    21 ||    30
  Dodge: Dodged            |    18 |    26 |    28 ||    72

Table legend:
 A = Non-vault XP
 B = Vault XP
 C = Vault XP percentage of total XP
 D = Non-vault monster count
 E = Vault monster count
 F = Vault count percentage of total count
                 A         B        C        D         E       F
            +---------+---------+-------+---------+---------+-------
      Total |     818 |     869 |  51.5 |      76 |      14 |  15.6
            +---------+---------+-------+---------+---------+-------
        D:1 |      25 |       0 |   0.0 |      15 |       0 |   0.0
        D:2 |      61 |       0 |   0.0 |      19 |       0 |   0.0
        D:3 |      45 |       0 |   0.0 |      17 |       0 |   0.0
        D:4 |     159 |      31 |  16.3 |      16 |       6 |  27.3
        D:5 |     281 |     838 |  74.9 |       6 |       8 |  57.1
        D:6 |     247 |       0 |   0.0 |       3 |       0 |   0.0
            +---------+---------+-------+---------+---------+-------
